 Dungeon Crawl Stone Soup version 0.26-a0-542-gbaa144ba5c (webtiles) character file.

Game seed: 7509489708397898829

100 Notrik the Skirmisher (level 4, -6/31 HPs)
             Began as a Gargoyle Fighter on Aug 18, 2020.
             Killed from afar by Terence (7 damage)
             ... with a puff of flame
             ... on level 3 of the Dungeon.
             The game lasted 00:02:34 (1933 turns).

Notrik the Skirmisher (Gargoyle Fighter)            Turns: 1933, Time: 00:02:34

Health: -6/31      AC: 11    Str: 21    XL:     4   Next: 74%
Magic:  4/4        EV:  7    Int:  8    God:
Gold:   174        SH:  9    Dex:  9    Spells: 3/3 levels left

rFire    . . .     SeeInvis .   a - +0 flail
rCold    . . .     Faith    .   c - +0 kite shield
rNeg     + . .     Spirit   .   b - +0 scale mail
rPois    ∞         Reflect  .   j - +0 helmet
rElec    +         Harm     .   (no cloak)
rCorr    .                      (no gloves)
MR       .....                  (no boots)
Stlth    ..........             k - amulet of inaccuracy (curse)
HPRegen  0.10/turn              h - ring of flight
MPRegen  0.09/turn              (no ring)

@: no status effects
A: negative energy resistance 1, electricity resistance, unbreathing,
petrification resistance, rot immunity, AC +3
a: Evoke Flight


You were on level 3 of the Dungeon.
You visited 1 branch of the dungeon, and saw 3 of its levels.

You collected 174 gold pieces.

Inventory:

Hand Weapons
 a - a +0 flail (weapon)
Armour
 b - a +0 scale mail (worn)
 c - a +0 kite shield (worn)
 j - a +0 helmet (worn)
   (You found it on level 1 of the Dungeon)
Jewellery
 h - a ring of flight (left hand)
   (You found it on level 1 of the Dungeon)
 k - a cursed amulet of inaccuracy (around neck)
   (You found it on level 1 of the Dungeon)
Scrolls
 e - 2 scrolls of noise {unknown}
 i - a scroll of blinking {unknown}
 l - a scroll of enchant armour {unknown}
 m - a scroll of fear {unknown}
 n - 4 scrolls of identify {unknown}
Potions
 d - 2 potions of might
 f - a potion of haste {unknown}
 g - a potion of heal wounds {unknown}
 o - 2 potions of curing {unknown}


   Skills:
 * Level 5.1 Fighting
 + Level 3.1 Maces & Flails
 - Level 3.2 Armour
 - Level 3.2 Shields


You had 3 spell levels left.
You didn't know any spells.
Your spell library was empty.

Dungeon Overview and Level Annotations

Branches:
Dungeon (3/15)

Altars:
Xom
Yredelemnul
Zin

Annotations:
D:3 Terence


Innate Abilities, Weirdness & Mutations

You are resistant to torment.
Your stone body is resilient. (AC +3)
You are immune to poison.
You resist negative energy. (rN+)
You are resistant to electric shocks. (rElec)
You can survive without breathing.
You are immune to petrification.
You are immune to rotting.


Message History

No target in view!
No target in view!
No target in view!
No target in view!
No target in view!
No target in view!
No target in view!
No target in view!
You now have 174 gold pieces (gained 12).
Found 10 gold pieces.
Found a stone staircase leading up.
Terence the Incautious comes into view.
He is wielding a +0 flail and carrying a wand of flame (18).
Terence moves out of view.
An iguana comes into view.
The iguana hisses angrily.
Found a flail.
You hit Terence. Terence hits you but does no damage.
You closely miss Terence.
Terence zaps a wand.
The puff of flame hits you.
Your shield and scale mail prevent you from hitting Terence.
Terence zaps a wand.
The puff of flame hits you!
* * * LOW HITPOINT WARNING * * *
Terence closely misses you.
You barely miss Terence. You block Terence's attack.
You hit Terence but do no damage. Terence hits you but does no damage.
Unknown command.
You barely miss Terence. Terence hits you but does no damage.
You miss Terence. You block Terence's attack.
You sock Terence! Terence barely misses you.
You barely miss Terence. Terence hits you with a +0 flail.
* * * LOW HITPOINT WARNING * * *
You hit Terence. Terence hits you but does no damage. x2
You closely miss Terence.
Terence zaps a wand.
The puff of flame hits you.
* * * LOW HITPOINT WARNING * * *
You closely miss Terence. Terence hits you with a +0 flail.
* * * LOW HITPOINT WARNING * * *
You closely miss Terence.
Terence zaps a wand.
The puff of flame hits you.
* * * LOW HITPOINT WARNING * * *
You hit Terence but do no damage.
Terence zaps a wand.
The puff of flame misses you.
Your scale mail prevents you from hitting Terence.
Terence zaps a wand.
The puff of flame hits you!
You die...

#......#.# ....
#.#....#.#.........
#......<........)..
#.##..##.#.#.......
#..................
#.#####.######.......
#...............$....
#######.######.......
#....@@l....<..
########.......
....... .......
....... .......
l...... #......


You could see Terence and an iguana.

Vanquished Creatures
  3 adders (D:2)
  2 worms (D:2)
  3 dart slugs
  3 leopard geckos
  4 giant cockroaches
  7 goblins
  6 hobgoblins
  10 kobolds
  8 bats
  6 frilled lizards
  5 rats
57 creatures vanquished.

Notes
Turn   | Place    | Note
-------+----------+-------------------------------------------
     0 | D:1      | Notrik the Gargoyle Fighter began the quest for the Orb.
     0 | D:1      | Reached XP level 1. HP: 14/14 MP: 1/1
    67 | D:1      | Reached XP level 2. HP: 16/20 MP: 2/2
   217 | D:1      | Reached skill level 4 in Fighting
   304 | D:1      | Reached XP level 3. HP: 18/24 MP: 3/3
  1053 | D:2      | Reached XP level 4. HP: 19/30 MP: 4/4
  1252 | D:2      | Found a basalt altar of Yredelemnul.
  1252 | D:2      | Found a shimmering altar of Xom.
  1253 | D:2      | Found a glowing silver altar of Zin.
  1401 | D:2      | Found a faded altar of an unknown god.
  1425 | D:2      | Reached skill level 5 in Fighting
  1913 | D:3      | Noticed Terence
  1931 | D:3      | HP: 1/31 [Terence/puff of flame (5)]
  1933 | D:3      | Killed from afar by Terence

Illustrated notes

Levels and vault maps discovered:
D:1:      dpeg_arrival_arbitrary_c, layout_rooms, minivault_24
D:2:      layout_basic, gammafunk_temple_overflow_claw,
          chequers_ecumenical_altar_grove
D:3:      layout_basic, uniq_terence, uniq_robin, uniq_natasha

Skill      XL: |  1  2  3  4 |
---------------+-------------+-----
Fighting       | 4 5 |  5.1
Maces & Flails | 3 |  3.1
Armour         | |  3.2
Shields        | |  3.2

Action                   |  1- 3 |  4- 6 || total
-------------------------+-------+-------++-------
Melee: Flail             |   214 |   137 ||   351
Armor: Scale mail        |   204 |    63 ||   267
Dodge: Dodged            |   129 |    42 ||   171
Block: Kite shield       |   166 |    61 ||   227

Table legend: (Time is in decaauts)
 A = Elapsed time spent in this place.
 B = Non-inter-level travel time spent in this place.
 C = Inter-level travel time spent in this place.
 D = Time resting spent in this place.
 E = Time spent auto-exploring this place.
 F = Levels seen in this place.
 G = Mean time per level.
                   A        B        C        D        E       F      G
               +--------+--------+--------+--------+--------+-----+--------+
         Total |   2052 |   2024 |     28 |    138 |   1203 |   3 |  684.0 |
       Dungeon |   2052 |   2024 |     28 |    138 |   1203 |   3 |  684.0 |
               +--------+--------+--------+--------+--------+-----+--------+

Top non-repeatable levels by time:
     D:2: 1262 daAuts
     D:1: 751 daAuts
     D:3: 39 daAuts
